TOP OF THE 1ST |
Surrey Sinners batting - Pitching for Jasper Cougars : LHP Javier Galeas
|
Pitching: LHP Javier Galeas
|
|
Batting: LHB Brian Ford
|
0-0: Ball 1-0: Called Strike 1-1: Ground out 4-3 (Groundball, 34)
|
Batting: LHB José Blanco
|
0-0: Ball 1-0: Ball 2-0: Ball 3-0: Base on Balls
|
Batting: RHB Víctor Arredondo
|
0-0: Called Strike 0-1: Ball 1-1: Ball 2-1: Swinging Strike 2-2: Ball 3-2: Foul Ball, location: 2F 3-2: Strikes out swinging
|
Batting: LHB Buddy Rice
|
0-0: Ball José Blanco is caught stealing 2nd base
|
Top of the 1st over - 0 run(s), 0 hit(s), 0 error(s), 0 left on base; Surrey 0 - Jasper 0 |
BOTTOM OF THE 1ST |
Jasper Cougars batting - Pitching for Surrey Sinners : LHP Luis Perea
|
Pitching: LHP Luis Perea
|
|
Batting: LHB Armando Torres
|
0-0: Ball 1-0: SINGLE (Flyball, 8LS)
|
Batting: LHB António Camacho
|
0-0: Ball 1-0: Fly out, F7 (Line Drive, 7S)
|
Batting: SHB Ron Edwards
|
0-0: Ball Armando Torres steals 2nd base 1-0: Foul Ball, location: 2F 1-1: Foul Ball, location: 2F 1-2: Foul Ball, location: 2F 1-2: Fly out, F8 (Line Drive, 8LM)
|
Batting: LHB John Stone
|
0-0: Called Strike 0-1: Ball 1-1: Ball 2-1: DOUBLE (Groundball, 3L) Armando Torres scores
|
Batting: RHB Fernando Gálvez
|
0-0: Ball 1-0: Ground out 6-3 (Groundball, 6)
|
Bottom of the 1st over - 1 run(s), 2 hit(s), 0 error(s), 1 left on base; Surrey 0 - Jasper 1 |
TOP OF THE 2ND |
Surrey Sinners batting - Pitching for Jasper Cougars : LHP Javier Galeas
|
Batting: LHB Buddy Rice
|
0-0: Ball 1-0: Called Strike 1-1: Ball 2-1: Foul Ball, location: 2F 2-2: Ball 3-2: Strikes out swinging
|
Batting: RHB Augusto Trevino
|
0-0: Ball 1-0: Ball 2-0: Called Strike 2-1: Ball 3-1: Base on Balls
|
Batting: RHB Jesús Lara
|
0-0: Called Strike 0-1: Ball 1-1: Called Strike 1-2: Foul Ball, location: 2F 1-2: Ball 2-2: Foul Ball, location: 2F 2-2: Foul Ball, location: 2F 2-2: Ball 3-2: SINGLE (Line Drive, 6M) Augusto Trevino to second Augusto Trevino to third
|
Batting: LHB Benny Richard
|
0-0: Ball 1-0: Foul Ball, location: 2F 1-1: Fly out, F8 (Flyball, 8LM) Runner from 3rd tags up, SCORES, no throw
|
Batting: RHB Clint Younger
|
0-0: Foul Ball, location: 2F 0-1: Ball 1-1: Swinging Strike 1-2: Strikes out looking
|
Top of the 2nd over - 1 run(s), 1 hit(s), 0 error(s), 1 left on base; Surrey 1 - Jasper 1 |
BOTTOM OF THE 2ND |
Jasper Cougars batting - Pitching for Surrey Sinners : LHP Luis Perea
|
Batting: RHB George Reeves
|
0-0: Ball 1-0: Foul Ball, location: 2F 1-1: Ball 2-1: Foul Ball, location: 2F 2-2: Strikes out swinging
|
Batting: LHB Kyle Harrison
|
0-0: Called Strike 0-1: Called Strike 0-2: Ball 1-2: Strikes out looking
|
Batting: RHB Juan Carlos
|
0-0: Ball 1-0: Fly out, F9 (Flyball, 89M)
|
Bottom of the 2nd over - 0 run(s), 0 hit(s), 0 error(s), 0 left on base; Surrey 1 - Jasper 1 |
TOP OF THE 3RD |
Surrey Sinners batting - Pitching for Jasper Cougars : LHP Javier Galeas
|
Batting: RHB Shawn Gutiérrez
|
0-0: Ball 1-0: Swinging Strike 1-1: Ball 2-1: Swinging Strike 2-2: Fly out, F8 (Flyball, 8LXD)
|
Batting: LHB Brian Ford
|
0-0: Swinging Strike 0-1: Called Strike 0-2: Foul Ball, location: 2F 0-2: Ball 1-2: Ground out 4-3 (Groundball, 34)
|
Batting: LHB José Blanco
|
0-0: Ball 1-0: SINGLE (Line Drive, 56D)
|
Batting: RHB Víctor Arredondo
|
0-0: Called Strike 0-1: Ball 1-1: Ball 2-1: Swinging Strike 2-2: Fly out, F5 (Line Drive, 56)
|
Top of the 3rd over - 0 run(s), 1 hit(s), 0 error(s), 1 left on base; Surrey 1 - Jasper 1 |
BOTTOM OF THE 3RD |
Jasper Cougars batting - Pitching for Surrey Sinners : LHP Luis Perea
|
Batting: RHB Joe Baker
|
0-0: Ground out 6-3 (Groundball, 6)
|
Batting: LHB Armando Torres
|
0-0: Bunt for hit - play at first, batter OUT! 3-4
|
Batting: LHB António Camacho
|
0-0: Called Strike 0-1: Ball 1-1: Ball 2-1: Fly out, F9 (Flyball, 9S)
|
Bottom of the 3rd over - 0 run(s), 0 hit(s), 0 error(s), 0 left on base; Surrey 1 - Jasper 1 |
TOP OF THE 4TH |
Surrey Sinners batting - Pitching for Jasper Cougars : LHP Javier Galeas
|
Batting: LHB Buddy Rice
|
0-0: Foul Ball, location: 2F 0-1: Ball 1-1: Foul Ball, location: 2F 1-2: SINGLE (Line Drive, 78S)
|
Batting: RHB Augusto Trevino
|
0-0: Ball 1-0: Foul Ball, location: 2F 1-1: DOUBLE (Flyball, 89D) Buddy Rice to third
|
Batting: RHB Jesús Lara
|
0-0: Ball 1-0: Called Strike 1-1: Ball 2-1: Ball 3-1: Base on Balls
|
Batting: LHB Benny Richard
|
0-0: Called Strike 0-1: Ball 1-1: Ball 2-1: SINGLE (Groundball, 56D) Buddy Rice scores Augusto Trevino to third Jesús Lara to second Runner from 3rd tries for Home, SAFE, no throw or cutoff
|
Batting: RHB Clint Younger
|
0-0: Called Strike 0-1: Ball 1-1: Swinging Strike 1-2: Strikes out swinging
|
Batting: RHB Shawn Gutiérrez
|
0-0: Ball 1-0: Ball 2-0: Called Strike 2-1: Foul Ball, location: 2F 2-2: Strikes out swinging
|
Batting: LHB Brian Ford
|
0-0: Fly out, F4 (Popup, 4)
|
Top of the 4th over - 2 run(s), 3 hit(s), 0 error(s), 2 left on base; Surrey 3 - Jasper 1 |
BOTTOM OF THE 4TH |
Jasper Cougars batting - Pitching for Surrey Sinners : LHP Luis Perea
|
Batting: SHB Ron Edwards
|
0-0: Ball 1-0: Ball 2-0: Ball 3-0: Called Strike 3-1: Fly out, F5 (Line Drive, 56)
|
Batting: LHB John Stone
|
0-0: Called Strike 0-1: Swinging Strike 0-2: Ball 1-2: Ball 2-2: DOUBLE (Line Drive, 8LM)
|
Batting: RHB Fernando Gálvez
|
0-0: Ball 1-0: Ball 2-0: Called Strike 2-1: Called Strike 2-2: Strikes out swinging
|
Batting: RHB George Reeves
|
0-0: Ball 1-0: Ball 2-0: SINGLE (Groundball, 6MD) John Stone to third Runner from 3rd tries for Home, SAFE, no throw or cutoff
|
Batting: LHB Kyle Harrison
|
0-0: Called Strike George Reeves steals 2nd base 0-1: Called Strike 0-2: Foul Ball, location: 2F 0-2: Foul Ball, location: 2F 0-2: Ball 1-2: Ball 2-2: Foul Ball, location: 2F 2-2: Ball 3-2: Base on Balls
|
Batting: RHB Juan Carlos
|
0-0: Called Strike 0-1: Fly out, F2 (Popup, 2R)
|
Bottom of the 4th over - 1 run(s), 2 hit(s), 0 error(s), 2 left on base; Surrey 3 - Jasper 2 |
TOP OF THE 5TH |
Surrey Sinners batting - Pitching for Jasper Cougars : LHP Javier Galeas
|
Pitching: RHP António Peña
|
|
Batting: LHB José Blanco
|
0-0: Bunt for hit - play at first, batter safe!
|
Batting: RHB Víctor Arredondo
|
0-0: Called Strike 0-1: Ball Wild Pitch! José Blanco to second 1-1: Called Strike 1-2: SINGLE (Groundball, 6D) (infield hit) José Blanco to third
|
Batting: LHB Buddy Rice
|
0-0: Called Strike 0-1: Swinging Strike 0-2: Ball 1-2: Strikes out looking
|
Batting: RHB Augusto Trevino
|
0-0: Ball 1-0: Foul Ball, location: 2F 1-1: Foul Ball, location: 2F 1-2: SINGLE (Groundball, 4M) José Blanco scores Víctor Arredondo to second
|
Batting: RHB Jesús Lara
|
0-0: Ball 1-0: Grounds into double play, 5-4-3 (Groundball, 5)
|
Top of the 5th over - 1 run(s), 3 hit(s), 0 error(s), 1 left on base; Surrey 4 - Jasper 2 |
BOTTOM OF THE 5TH |
Jasper Cougars batting - Pitching for Surrey Sinners : LHP Luis Perea
|
Batting: RHB Joe Baker
|
0-0: Swinging Strike 0-1: Fly out, F6 (Line Drive, 6)
|
Batting: LHB Armando Torres
|
0-0: Fly out, F3 (Popup, 3SF)
|
Batting: LHB António Camacho
|
0-0: Ball 1-0: SINGLE (Groundball, 6M) (infield hit)
|
Batting: SHB Ron Edwards
|
0-0: Ball 1-0: Called Strike 1-1: Foul Ball, location: 2F 1-2: Strikes out looking
|
Bottom of the 5th over - 0 run(s), 1 hit(s), 0 error(s), 1 left on base; Surrey 4 - Jasper 2 |
TOP OF THE 6TH |
Surrey Sinners batting - Pitching for Jasper Cougars : RHP António Peña
|
Batting: LHB Benny Richard
|
0-0: Foul Ball, location: 2F 0-1: Swinging Strike 0-2: Strikes out swinging
|
Batting: RHB Clint Younger
|
0-0: Ball 1-0: Called Strike 1-1: Swinging Strike 1-2: Ball 2-2: Fly out, F8 (Flyball, 8RM)
|
Batting: RHB Shawn Gutiérrez
|
0-0: Swinging Strike 0-1: Swinging Strike 0-2: Fly out, F9 (Flyball, 89M)
|
Top of the 6th over - 0 run(s), 0 hit(s), 0 error(s), 0 left on base; Surrey 4 - Jasper 2 |
BOTTOM OF THE 6TH |
Jasper Cougars batting - Pitching for Surrey Sinners : LHP Luis Perea
|
Batting: LHB John Stone
|
0-0: Fly out, F7 (Line Drive, 7M)
|
Batting: RHB Fernando Gálvez
|
0-0: Ball 1-0: Swinging Strike 1-1: Foul Ball, location: 2F 1-2: Foul Ball, location: 2F 1-2: SINGLE (Flyball, 6MD)
|
Batting: RHB George Reeves
|
0-0: Called Strike Fernando Gálvez steals 2nd base 0-1: Ball 1-1: Ball 2-1: Swinging Strike 2-2: Foul Ball, location: 2F 2-2: Ball 3-2: Base on Balls
|
Batting: LHB Kyle Harrison
|
0-0: Foul Ball, location: 2F 0-1: Ball 1-1: TRIPLE (Flyball, 7LD) Fernando Gálvez scores George Reeves scores
|
Pitching: RHP Sergio Chávez
|
|
Batting: RHB Juan Carlos
|
0-0: Ball 1-0: Called Strike 1-1: Foul Ball, location: 2F 1-2: Strikes out swinging
|
Batting: RHB Joe Baker
|
0-0: Called Strike 0-1: Called Strike 0-2: Ball 1-2: Strikes out swinging
|
Bottom of the 6th over - 2 run(s), 2 hit(s), 0 error(s), 1 left on base; Surrey 4 - Jasper 4 |
TOP OF THE 7TH |
Surrey Sinners batting - Pitching for Jasper Cougars : RHP António Peña
|
Pitching: RHP Ernesto Mendoza
|
|
Batting: LHB Brian Ford
|
0-0: Ball 1-0: Called Strike 1-1: Foul Ball, location: 2F 1-2: Strikes out swinging
|
Batting: LHB José Blanco
|
0-0: Ball 1-0: Swinging Strike 1-1: Ball 2-1: Foul Ball, location: 2F 2-2: Foul Ball, location: 2F 2-2: Ball 3-2: Strikes out swinging
|
Batting: RHB Víctor Arredondo
|
0-0: Swinging Strike 0-1: SINGLE (Line Drive, 9S)
|
Batting: LHB Buddy Rice
|
0-0: Called Strike 0-1: Called Strike 0-2: Ball 1-2: Ball 2-2: Ground out 4-3 (Groundball, 4)
|
Top of the 7th over - 0 run(s), 1 hit(s), 0 error(s), 1 left on base; Surrey 4 - Jasper 4 |
BOTTOM OF THE 7TH |
Jasper Cougars batting - Pitching for Surrey Sinners : RHP Sergio Chávez
|
Pitching: LHP Orlando Morales
|
|
Batting: LHB Armando Torres
|
0-0: Called Strike 0-1: Called Strike 0-2: Fly out, F7 (Flyball, 78M)
|
Pitching: RHP Juan Fonseca
|
|
Batting: LHB António Camacho
|
0-0: Ball 1-0: Foul Ball, location: 2F 1-1: Ball 2-1: Ball 3-1: Foul Ball, location: 2F 3-2: Foul Ball, location: 2F 3-2: Foul Ball, location: 2F 3-2: Base on Balls
|
Batting: SHB Ron Edwards
|
0-0: Ball 1-0: Ball 2-0: Called Strike 2-1: Ball 3-1: Base on Balls António Camacho to second
|
Pinch Hitting: LHB Jon Scott
|
0-0: SINGLE (Groundball, 4MS) (infield hit) António Camacho to third Ron Edwards to second
|
Batting: RHB Fernando Gálvez
|
0-0: Ball 1-0: Ball 2-0: Fly out, F3 (Popup, 3SF)
|
Batting: RHB George Reeves
|
0-0: Called Strike 0-1: Ball 1-1: Foul Ball, location: 2F 1-2: Strikes out swinging
|
Bottom of the 7th over - 0 run(s), 1 hit(s), 0 error(s), 3 left on base; Surrey 4 - Jasper 4 |
TOP OF THE 8TH |
Surrey Sinners batting - Pitching for Jasper Cougars : RHP Ernesto Mendoza
|
Now in RF: Jon Scott
|
|
Pinch Hitting: RHB Ramón Molina
|
0-0: Ball 1-0: Foul Ball, location: 2F 1-1: Foul Ball, location: 2F 1-2: Ball 2-2: Ball 3-2: SINGLE (Line Drive, 89S)
|
Pinch Runner at 1st Ryan Parrish:
|
|
Batting: RHB Jesús Lara
|
0-0: Ball Ryan Parrish steals 2nd base 1-0: Ball 2-0: Ground out 6-3 (Groundball, 6)
|
Batting: LHB Benny Richard
|
0-0: Intentional Walk
|
Pinch Hitting: RHB Ben Alexander
|
0-0: Ball 1-0: Ball 2-0: Ball 3-0: Called Strike 3-1: Base on Balls Ryan Parrish to third Benny Richard to second
|
Batting: RHB Shawn Gutiérrez
|
0-0: Called Strike 0-1: Foul Ball, location: 2F 0-2: Strikes out swinging
|
Batting: LHB Brian Ford
|
0-0: Ball 1-0: Swinging Strike 1-1: Called Strike 1-2: SINGLE (Groundball, 56) Ryan Parrish scores Benny Richard to third Ben Alexander to second Runner from 3rd tries for Home, SAFE, no throw or cutoff
|
Pitching: RHP Bennett Greer
|
|
Batting: LHB José Blanco
|
0-0: Ball 1-0: Foul Ball, location: 2F 1-1: Called Strike 1-2: Strikes out looking
|
Top of the 8th over - 2 run(s), 2 hit(s), 0 error(s), 2 left on base; Surrey 6 - Jasper 4 |
BOTTOM OF THE 8TH |
Jasper Cougars batting - Pitching for Surrey Sinners : RHP Juan Fonseca
|
Now at 3B: Félix Castro
|
|
Now in CF: Daniel Santiago
|
|
Batting: LHB Kyle Harrison
|
0-0: Ball 1-0: Ball 2-0: Ball 3-0: Hit by Pitch
|
Pitching: RHP Bob Martin
|
|
Batting: RHB Juan Carlos
|
0-0: Ball 1-0: Called Strike 1-1: Ball 2-1: Ball 3-1: Base on Balls Kyle Harrison to second
|
Batting: RHB Joe Baker
|
0-0: Ball 1-0: Called Strike 1-1: Foul Ball, location: 2F 1-2: Ball 2-2: Strikes out swinging
|
Pitching: LHP Cliff Williams
|
|
Batting: LHB Armando Torres
|
0-0: Ball 1-0: Fly out, F7 (Flyball, 78M) 1-0: Fly out, F7 (Flyball, 78M)
|
Pinch Hitting: RHB David Hernández
|
0-0: Foul Ball, location: 2F 0-1: Swinging Strike 0-2: Ball 1-2: Ball 2-2: Foul Ball, location: 2F 2-2: Strikes out swinging
|
Bottom of the 8th over - 0 run(s), 0 hit(s), 0 error(s), 2 left on base; Surrey 6 - Jasper 4 |
TOP OF THE 9TH |
Surrey Sinners batting - Pitching for Jasper Cougars : RHP Bennett Greer
|
Now at 2B: David Hernández
|
|
Batting: RHB Víctor Arredondo
|
0-0: Foul Ball, location: 2F 0-1: Swinging Strike 0-2: Strikes out swinging
|
Batting: LHB Buddy Rice
|
0-0: Fly out, F3 (Line Drive, 3S)
|
Batting: RHB Félix Castro
|
0-0: Called Strike 0-1: Ball 1-1: Called Strike 1-2: Foul Ball, location: 2F 1-2: Strikes out swinging
|
Top of the 9th over - 0 run(s), 0 hit(s), 0 error(s), 0 left on base; Surrey 6 - Jasper 4 |
BOTTOM OF THE 9TH |
Jasper Cougars batting - Pitching for Surrey Sinners : LHP Cliff Williams
|
Pitching: RHP Sergio Romo
|
|
Batting: SHB Ron Edwards
|
0-0: Ball 1-0: Ball 2-0: Called Strike 2-1: Swinging Strike 2-2: Ball 3-2: Base on Balls
|
Batting: LHB Jon Scott
|
0-0: Ball 1-0: Foul Ball, location: 2F 1-1: Fly out, F8 (Flyball, 8RS)
|
Batting: RHB Fernando Gálvez
|
0-0: Swinging Strike 0-1: Foul Ball, location: 2F 0-2: Ball 1-2: Strikes out swinging
|
Batting: RHB George Reeves
|
0-0: Called Strike 0-1: Called Strike 0-2: Strikes out swinging
|
Bottom of the 9th over - 0 run(s), 0 hit(s), 0 error(s), 1 left on base; Surrey 6 - Jasper 4 |
|